 Dungeon Crawl Stone Soup version 0.25-b1-37-g2669288c55 (webtiles) character file.

Game seed: 6464241645321489565

541 gruber the Fighter (level 7, 0/62 HPs)
             Began as a Formicid Abyssal Knight on June 4, 2020.
             Was a Believer of Lugonu.
             Slain by an ogre
             ... wielding a +0 giant spiked club
              (20 damage)
             ... on level 5 of the Dungeon.
             The game lasted 00:05:09 (6087 turns).

gruber the Fighter (Formicid Abyssal Knight)        Turns: 6087, Time: 00:05:10

Health: 0/62       AC:  5    Str: 19    XL:     7   Next: 52%
Magic:  8/8        EV: 11    Int: 17    God:    Lugonu [**....]
Gold:   300        SH:  0    Dex: 10    Spells: 6/6 levels left

rFire    . . .     SeeInvis +   p - +2 dagger (speed)
rCold    . . .     Gourm    .   (no shield)
rNeg     . . .     Faith    .   b - +0 leather armour
rPois    .         Spirit   .   (helmet unavailable)
rElec    .         Reflect  .   n - +1 cloak
rCorr    .         Harm     .   (no gloves)
MR       .....                  (no boots)
Stlth    +.........             (no amulet)
HPRegen  0.20/turn              o - +6 ring of intelligence
MPRegen  0.11/turn              (no ring)

@: no status effects
A: permanent stasis, dig shafts and tunnels, four strong arms, antennae 3
a: Dig, Shaft Self, Depart the Abyss, Bend Space, Renounce Religion


You were on level 5 of the Dungeon.
You worshipped Lugonu.
Lugonu was pleased with you.
You were hungry.

You visited 1 branch of the dungeon, and saw 5 of its levels.
You visited the Abyss 1 time.

You collected 300 gold pieces.

Inventory:

Hand Weapons
 a - a +1 mace
 p - a +2 dagger of speed (weapon)
Missiles
 j - 4 boomerangs
 l - 46 poisoned darts (quivered)
Armour
 b - a +0 leather armour (worn)
 n - a +1 cloak (worn)
Jewellery
 o - a +6 ring of intelligence (left hand)
Scrolls
 d - 3 scrolls of remove curse {unknown}
 e - 6 scrolls of identify {unknown}
 f - 3 scrolls of enchant armour {unknown}
 g - 3 scrolls of fog {unknown}
 h - a scroll of teleportation {unknown}
 k - a scroll of fear {unknown}
Potions
 i - a potion of curing {unknown}
 m - a potion of stabbing {unknown}
Comestibles
 c - 10 rations


   Skills:
 - Level 8.2 Fighting
 - Level 3.0 Maces & Flails
 * Level 3.0 Armour
 - Level 0.8 Dodging
 - Level 2.1 Invocations


You had 6 spell levels left.
You didn't know any spells.
Your spell library was empty.

Dungeon Overview and Level Annotations

Branches:
Dungeon (5/15)
 Temple: D:4-7

Altars:
Dithmenos
Ru
Uskayaw


Innate Abilities, Weirdness & Mutations

You cannot be hasted, slowed, berserked, paralysed or teleported.
You can dig through walls and to a lower floor.
Your four strong arms can wield two-handed weapons with a shield.
You have a pair of large antennae on your head. (SInv)


Message History

The poisoned dart barely misses the ogre.
The ogre hits you with a +0 giant spiked club!
You hit the ogre.
The ogre is moderately wounded.
You hit the ogre.
The ogre is moderately wounded.
The ogre hits you with a +0 giant spiked club!!
You hit the ogre.
The ogre is heavily wounded.
You hit the ogre.
The ogre is heavily wounded.
The ogre hits you with a +0 giant spiked club!
You hit the ogre.
The ogre is severely wounded.
You hit the ogre.
The ogre is severely wounded.
You hit the ogre.
The ogre is severely wounded.
The ogre hits you with a +0 giant spiked club!!
You die...

#.........#......# #.
#.........#......####.
#.....#####...........
#.....................
#####.#####...........
#.# ############ #.#
#.# # #@# .. #O# ##
#.# #.# #(# #.....(_.
#..#..... #(.# ....
#..# ...


You could see an ogre (poisoned).

Vanquished Creatures
  An ice beast (D:5)
  An ogre (D:4)
  A hound (D:4)
  3 orc wizards
  A jelly (D:4)
  3 worker ants (D:4)
  4 adders (D:2)
  An ooze (D:1)
  2 worms (D:2)
  An adder skeleton (D:4)
  3 dart slugs
  2 leopard geckos (D:5)
  13 orcs
  5 giant cockroaches
  10 hobgoblins
  4 quokkas
  A ball python (D:4)
  11 bats
  2 frilled lizards
  9 goblins
  7 kobolds
  7 rats
92 creatures vanquished.

Notes
Turn   | Place    | Note
-------+----------+-------------------------------------------
     0 | Abyss:1  | gruber the Formicid Abyssal Knight began the quest for the
                  | Orb.
     0 | Abyss:1  | Reached XP level 1. HP: 18/18 MP: 2/2
    79 | Abyss:1  | Noticed a glowing orange brain
    81 | D:1      | Escaped the Abyss
   173 | D:1      | Reached * piety under Lugonu
   248 | D:1      | Reached XP level 2. HP: 20/24 MP: 3/3
   540 | D:1      | Reached XP level 3. HP: 24/29 MP: 4/4
   915 | D:1      | Reached skill level 4 in Fighting
  1346 | D:2      | Reached XP level 4. HP: 8/38 MP: 5/5
  2031 | D:2      | Reached skill level 5 in Fighting
  2438 | D:2      | Reached ** piety under Lugonu
  2438 | D:2      | Reached XP level 5. HP: 28/44 MP: 6/6
  3098 | D:3      | Found a shadowy altar of Dithmenos.
  3415 | D:3      | Found a faded altar of an unknown god.
  3812 | D:4      | Reached skill level 6 in Fighting
  4516 | D:4      | Reached XP level 6. HP: 51/53 MP: 7/7
  4576 | D:4      | Noticed an ogre
  4597 | D:4      | Killed an ogre
  4597 | D:4      | Reached skill level 7 in Fighting
  5041 | D:4      | Reached XP level 7. HP: 28/61 MP: 8/8
  5341 | D:4      | Found a sacrificial altar of Ru.
  5471 | D:5      | Entered Level 5 of the Dungeon
  5535 | D:5      | Reached skill level 8 in Fighting
  6072 | D:5      | Found a hide-covered altar of Uskayaw.
  6087 | D:5      | Slain by an ogre

Illustrated notes

Levels and vault maps discovered:
D:1:      dpeg_arrival_rhombi, layout_basic
D:2:      layout_basic, serial_rivers, chequers_serial_rivers_small_3,
          chequers_serial_rivers_small_b, chequers_serial_rivers_room_b,
          chequers_serial_rivers_small_3
D:3:      layout_loops_cross, grunt_dithmenos_smoke,
          chequers_ecumenical_altar_island, first_ration
D:4:      layout_rooms, nicolae_ru_path_of_blood
D:5:      layout_basic, nicolae_overflow_crystal_walls

Skill      XL: |  1  2  3  4  5  6  7 |
---------------+----------------------+-----
Maces & Flails | 3 |  3.0
Fighting       | 4 5 6 7 8 |  8.2
Armour         | 3 |  3.0
Dodging        | |  0.8
Invocations    | |  2.1

Action                   |  1- 3 |  4- 6 |  7- 9 || total
-------------------------+-------+-------+-------++-------
Melee: Mace              |   116 |   181 |    29 ||   326
       Dagger            |       |       |     7 ||     7
Throw: Boomerang         |       |     3 |       ||     3
       Dart              |       |    31 |    29 ||    60
Invok: Depart the Abyss  |     1 |       |       ||     1
  Eat: Chunk             |     2 |    11 |     3 ||    16
Armor: Leather armour    |    55 |    58 |     4 ||   117
Dodge: Dodged            |    83 |   125 |    13 ||   221
